 Dungeon Crawl Stone Soup version 0.23.2-1-ga50397a6bc (webtiles) character file.

Game seed: 4549801804388096624

268 MisterOstroum the Stinger (level 6, -4/51 HPs)
             Began as a Naga Venom Mage on May 19, 2019.
             Splashed by a jelly's acid (8 damage)
             ... on level 5 of the Dungeon.
             The game lasted 00:30:54 (5292 turns).

MisterOstroum the Stinger (Naga Venom Mage)         Turns: 5292, Time: 00:30:55

Health: -4/51      AC:  3    Str: 10    XL:     6   Next: 21%
Magic:  11/11      EV: 10    Int: 21    God:
Gold:   179        SH:  0    Dex: 12    Spells: 0/11 levels left

rFire    . . .     SeeInvis +   k - +0 short sword
rCold    . . .     Gourm    .   (no shield)
rNeg     . . .     Faith    .   a - +0 robe
rPois    +         Spirit   .   g - +2 helmet
rElec    .         Reflect  .   (no cloak)
rCorr    .         Harm     .   v - +0 pair of gloves
MR       .....                  (no barding)
Stlth    ++........             (no amulet)
HPRegen  0.17/turn              m - +4 ring of intelligence
MPRegen  0.12/turn              u - ring of poison resistance

@: corroded, very slow
A: large, see invisible, deformed body, poison resistance, slowness 2, slow
metabolism 1, spit poison 1, AC +2
a: Spit Poison


You were on level 5 of the Dungeon.
You were very hungry.

You visited 1 branch of the dungeon, and saw 5 of its levels.

You collected 179 gold pieces.

Inventory:

Hand Weapons
 b - a +0 flail
 i - a +0 dagger
 k - a +0 short sword (weapon)
Missiles
 s - 71 stones (quivered)
 B - 2 throwing nets {!f}
Armour
 a - a +0 robe (worn)
 f - a +0 pair of gloves
 g - a +2 helmet (worn)
 v - a +0 pair of gloves (worn)
Jewellery
 m - a +4 ring of intelligence (left hand)
 u - a ring of poison resistance (right hand)
Wands
 t - a wand of polymorph (8)
Scrolls
 d - a scroll of immolation {unknown}
 l - 2 scrolls of noise {unknown}
 n - 3 scrolls of identify {unknown}
 q - a scroll of remove curse {unknown}
 w - a scroll of enchant armour {unknown}
 y - 3 scrolls of fear {unknown}
Potions
 c - a potion of mutation {unknown}
 h - a potion of resistance {unknown}
 j - a potion of invisibility {unknown}
 p - 2 potions of brilliance {unknown}
 r - a potion of ambrosia {unknown}
 x - a potion of flight {unknown}
 z - a potion of heal wounds {unknown}
 A - a potion of cancellation {unknown}
Comestibles
 e - 2 rations


   Skills:
 - Level 1.0 Fighting
 - Level 1.5 Dodging
 - Level 3.0 Stealth
 + Level 3.3 Spellcasting
 + Level 3.2 Conjurations
 + Level 2.3 Air Magic
 + Level 5.4 Poison Magic


You couldn't memorise any spells.
You knew the following spells:

 Your Spells              Type           Power        Failure   Level  Hunger
a - Sting                 Conj/Pois      ###.         2%          1    None
b - Poisonous Vapours     Pois/Air       ###...       4%          2    ##.....
c - Mephitic Cloud        Conj/Pois/Air  ###.....     9%          3    ###....
d - Venom Bolt            Conj/Pois      ###.......   52%         5    ######.

Your spell library contained the following spells:

 Spells                   Type           Power        Failure   Level  Hunger
 Olgreb's Toxic Radiance  Pois           ####....     14%         4    ####...


Dungeon Overview and Level Annotations

Branches:
Dungeon (5/15)             Temple (0/1) D:5

Altars:
Ashenzari
Nemelex Xobeh
Qazlal
Wu Jian
Xom


Innate Abilities, Weirdness & Mutations

You cannot wear boots.
Your serpentine skin is tough. (AC +2)
You have supernaturally acute eyesight. (SInv)
Armour fits poorly on your strangely shaped body.
Your system is resistant to poisons. (rPois)
You cover ground very slowly.
You have a slow metabolism.
You can spit poison.


Message History

g - Guard the area. f - Follow me.
Anything else - Cancel.
You shout for attention!
The ball python hisses angrily.
Casting: Poisonous Vapours (safe; 4% risk of failure)
Confirm with . or Enter, or press ? or * to list all spells.
Aiming: Poisonous Vapours (safe; 4% risk of failure)
Press: ? - help, Dir - move target cursor, f - ball python
Aim: a ball python Poisonous vapours surround the ball python!
The ball python is engulfed in poison gas.
The ball python is poisoned.
You kill the ball python!
Found a throwing net.
A jelly comes into view.
The jelly moves out of view.
Found a staircase to the Ecumenical Temple.
Found a scale mail.
What are your orders? t - Shout!
Orders for allies: a - Attack new target. r - Retreat! s - Stop attacking. g - Guard the area. f - Follow me.
Anything else - Cancel.
You shout for attention!
(D) Dungeon (T) Temple
Where to? (? - help)
Found a scroll labeled NAR QIMPEINON and a scroll labeled IBUG UFIAXZEDA.
A leopard gecko comes into view.
Unknown command.
Casting: Poisonous Vapours (safe; 4% risk of failure)
Confirm with . or Enter, or press ? or * to list all spells.
Aiming: Poisonous Vapours (safe; 4% risk of failure)
Press: ? - help, Dir - move target cursor, f - jelly
Aim: a jelly But poisonous vapours would do no harm to the jelly!
Press: ? - help, v - describe, . - travel
Here: a jelly The floor.
Casting: Poisonous Vapours (safe; 4% risk of failure)
Confirm with . or Enter, or press ? or * to list all spells.
Aiming: Sting (safe; 2% risk of failure)
Press: ? - help, Shift-Dir - straight line, f/p - jelly
Aim: a jelly
Okay, then.
Casting: Sting (safe; 2% risk of failure)
Confirm with . or Enter, or press ? or * to list all spells.
You can't see any susceptible monsters within range! (Use Z to cast anyway.)
Casting: Sting (safe; 2% risk of failure)
Confirm with . or Enter, or press ? or * to list all spells.
The spell is very dangerous to cast (52% risk of failure)!
Continue anyway?
Okay, then.
You hit the jelly.
Your hands burn!
The jelly is moderately wounded.
The jelly hits you. The acid corrodes you!
You are splashed with acid!
Press: ? - help, Shift-Dir - straight line, f/p - jelly
Aim: a jelly (moderately wounded)
The splash of poison hits the jelly.
The jelly completely resists.
The jelly is moderately wounded.
You feel slightly more hungry. The jelly hits you but does no damage.
You hit the jelly but do no damage.
Your hands burn!
The jelly is moderately wounded.
The jelly hits you.
You are splashed with acid!
You hit the jelly.
Your hands burn!
The jelly is heavily wounded.
You have got your breath back.
The jelly barely misses you.
You barely miss the jelly.
The jelly is heavily wounded.
The jelly closely misses you.
You barely miss the jelly.
The jelly is heavily wounded.
The jelly hits you but does no damage.
It was a potion of curing.
You feel better. The jelly hits you.
You are splashed with acid!
You hit the jelly.
Your hands burn!
The jelly is severely wounded.
The jelly hits you but does no damage. The jelly misses you.
You hit the jelly.
Your hands burn!
* * * LOW HITPOINT WARNING * * *
The jelly is almost dead.
The jelly hits you.
* * * LOW HITPOINT WARNING * * *
You are splashed with acid!
* * * LOW HITPOINT WARNING * * *
You feel better. The jelly hits you.
* * * LOW HITPOINT WARNING * * *
You are splashed with acid!
* * * LOW HITPOINT WARNING * * *
You feel better. The jelly hits you.
* * * LOW HITPOINT WARNING * * *
You are splashed with acid!
* * * LOW HITPOINT WARNING * * *
You feel better. The jelly completely misses you.
You hit the jelly.
Your hands burn!
* * * LOW HITPOINT WARNING * * *
The jelly is almost dead.
The jelly hits you.
* * * LOW HITPOINT WARNING * * *
You are splashed with acid!
You die...

####................
........>###########
.###.....###
..........<#
....###.##.#
....###....#
........#..######
...........?.....
.....#@#.......#
.....#J###...#.#
....##...###.[.
#.... (.......#..
#..>..##.. #
?.....#. .
###?..##.. ###.# .##
.l#.# #


You could see a jelly.

Vanquished Creatures
  A scorpion (D:4)
  A bullfrog zombie (D:4)
  Robin (D:1)
  A gnoll (D:1)
  A worker ant zombie (D:3)
  4 adders
  An ooze (D:2)
  2 worms (D:2)
  3 dart slugs (D:1)
  A leopard gecko (D:1)
  10 orcs (D:3)
  5 giant cockroaches
  17 goblins
  7 hobgoblins
  5 jackals
  A quokka (D:2)
  2 ball pythons
  10 bats
  6 frilled lizards
  6 kobolds
  10 rats
95 creatures vanquished.

Notes
Turn   | Place    | Note
-------+----------+-------------------------------------------
     0 | D:1      | MisterOstroum the Naga Venom Mage began the quest for the
                  | Orb.
     0 | D:1      | Reached XP level 1. HP: 15/15 MP: 3/3
   271 | D:1      | Reached XP level 2. HP: 22/22 MP: 1/5
   275 | D:1      | Learned a level 2 spell: Poisonous Vapours
   867 | D:1      | Reached XP level 3. HP: 28/28 MP: 3/6
  1297 | D:2      | Found an ornate altar of the Wu Jian Council.
  1305 | D:2      | Reached skill level 5 in Poison Magic
  1305 | D:2      | Noticed Robin
  1380 | D:1      | Reached skill level 1 in Air Magic
  1647 | D:1      | HP: 1/42 [goblin[Robin] (6)]
  1648 | D:1      | Killed Robin
  1648 | D:1      | Reached XP level 4. HP: 2/36 MP: 2/7
  1938 | D:1      | Learned a level 3 spell: Mephitic Cloud
  2960 | D:2      | Reached skill level 1 in Fighting
  3290 | D:2      | Reached XP level 5. HP: 44/44 MP: 4/9
  4011 | D:3      | Found a stormy altar of Qazlal.
  4255 | D:3      | Found a sparkling altar of Nemelex Xobeh.
  4441 | D:3      | Found a shimmering altar of Xom.
  4620 | D:3      | Found a shattered altar of Ashenzari.
  5007 | D:4      | Reached XP level 6. HP: 51/51 MP: 5/10
  5061 | D:4      | Learned a level 5 spell: Venom Bolt
  5238 | D:5      | Entered Level 5 of the Dungeon
  5273 | D:5      | Found a staircase to the Ecumenical Temple.
  5292 | D:5      | Splashed by a jelly's acid

Skill      XL: |  1  2  3  4  5 |
---------------+----------------+-----
Poison Magic   | 5 |  5.4
Air Magic      | 1 2 |  2.3
Conjurations   | 2 3 |  3.2
Fighting       | 1 |  1.0
Spellcasting   | 3 |  3.3
Dodging        | |  1.5
Stealth        | |  3.0

Action                   |  1- 3 |  4- 6 || total
-------------------------+-------+-------++-------
Melee: Unarmed           |     7 |       ||     7
       Dagger            |    11 |       ||    11
       Short sword       |     4 |    84 ||    88
       Flail             |     3 |       ||     3
Throw: Stone             |       |    32 ||    32
 Cast: Sting             |    25 |     3 ||    28
       Poisonous Vapours |    19 |    63 ||    82
       Mephitic Cloud    |       |     5 ||     5
 Abil: Spit Poison       |     7 |     6 ||    13
  Use: Potion            |     1 |     4 ||     5
  Eat: Chunk             |     1 |    10 ||    11
       Ration            |     1 |       ||     1
Armor: Robe              |     7 |    31 ||    38
Dodge: Dodged            |    28 |    39 ||    67
